 Dungeon Crawl Stone Soup version 0.23.2-1-ga50397a (webtiles) character file.

Game seed: 11176582576792185800

46 Goblin1989 the Skirmisher (level 3, 0/30 HPs)
             Began as a Demonspawn Berserker on Apr 22, 2019.
             Was a Follower of Trog.
             Succumbed to an adder's poison
             ... while paralysed
             ... on level 2 of the Dungeon on Apr 23, 2019.
             The game lasted 00:03:42 (1729 turns).

Goblin1989 the Skirmisher (Demonspawn Berserker)    Turns: 1729, Time: 00:03:42

Health: 0/30       AC:  2    Str: 18    XL:     3   Next: 44%
Magic:  3/3        EV:  2    Int:  8    God:    Trog [*.....]
Gold:   67         SH:  0    Dex: 12    Spells: 2/2 levels left

rFire    . . .     SeeInvis .     - Unarmed
rCold    . . .     Gourm    .   (no shield)
rNeg     . . .     Faith    .   a - +0 animal skin
rPois    .         Spirit   .   (no helmet)
rElec    .         Reflect  .   (no cloak)
rCorr    .         Harm     .   (no gloves)
MR       .....                  (no boots)
Stlth    +.........             (no amulet)
HPRegen  0.10/turn              (no ring)
MPRegen  0.08/turn              (no ring)

@: paralysed, lethally poisoned (0 -> -6), berserk cooldown, slowed
A: talons 1, powered by pain 1
a: Berserk, Renounce Religion


You were on level 2 of the Dungeon.
You worshipped Trog.
Trog was aware of your devotion.
You were not hungry.

You visited 1 branch of the dungeon, and saw 2 of its levels.

You collected 67 gold pieces.

Inventory:

Armour
 a - a +0 animal skin (worn)
 o - a scarf of spirit shield
Scrolls
 g - 2 scrolls of teleportation {unknown}
 j - a scroll of magic mapping {unknown}
 k - 3 scrolls of identify {unknown}
 m - 3 scrolls of enchant armour {unknown}
 p - a scroll of blinking {unknown}
Potions
 i - 2 potions of magic {unknown}
 n - a potion of curing {unknown}


   Skills:
 + Level 4.0 Fighting
 - Level 1.7 Armour
 - Level 1.7 Dodging
 - Level 3.2 Unarmed Combat


You had 2 spell levels left.
You didn't know any spells.
Your spell library was empty.

Dungeon Overview and Level Annotations

Branches:
Dungeon (2/15)

Altars:


Innate Abilities, Weirdness & Mutations

You have sharp toenails.
You sometimes gain a little power by taking damage.


Message History

You barely miss the adder. You claw the adder.
The adder is heavily wounded.
The adder bites you.
You take 1 damage, and have 26/30 hp.
You barely miss the adder.
The adder is heavily wounded.
The adder bites you.
You take 2 damage, and have 24/30 hp.
You miss the adder. Your kick misses the adder.
The adder is heavily wounded.
You are starving!
The adder closely misses you. The adder bites you but does no damage.
You closely miss the adder.
The adder is heavily wounded.
The adder bites you.
You are poisoned.
The adder poisons you!
You take 4 damage, and have 20/30 hp.
You closely miss the adder. Your kick misses the adder.
The adder is heavily wounded.
You feel sick. The adder bites you.
You are more poisoned.
The adder poisons you!
You take 2 damage, and have 18/30 hp.
You barely miss the adder. Your kick misses the adder.
The adder is heavily wounded.
You feel sick. The adder bites you but does no damage.
You take 1 damage, and have 17/30 hp.
You miss the adder. Your kick misses the adder.
The adder is heavily wounded.
You feel sick. The adder bites you but does no damage.
You take 1 damage, and have 16/30 hp.
You miss the adder.
The adder is heavily wounded.
The adder bites you.
You are lethally poisoned!
The adder poisons you! The adder bites you but does no damage.
You take 1 damage, and have 15/30 hp.
You miss the adder.
The adder is heavily wounded.
* * * LOW HITPOINT WARNING * * *
You feel sick. The adder bites you.
* * * LOW HITPOINT WARNING * * *
You take 4 damage, and have 11/30 hp.
You hit the adder but do no damage.
The adder is heavily wounded.
* * * LOW HITPOINT WARNING * * *
You feel sick. The adder bites you but does no damage.
You take 1 damage, and have 10/30 hp.
You closely miss the adder. Your kick misses the adder.
The adder is heavily wounded.
* * * LOW HITPOINT WARNING * * *
You feel sick. The adder barely misses you.
You take 1 damage, and have 9/30 hp.
Okay, then.
You eat the ration.
That ration really hit the spot!
* * * LOW HITPOINT WARNING * * *
You feel sick. The adder barely misses you. The adder bites you.
* * * LOW HITPOINT WARNING * * *
You take 3 damage, and have 6/30 hp.
You hit the adder.
The adder is almost dead.
* * * LOW HITPOINT WARNING * * *
You feel sick. The adder bites you but does no damage.
You take 1 damage, and have 5/30 hp.
A red film seems to cover your vision as you go berserk!
You feel yourself moving faster!
You feel mighty!
You feel a lot more hungry.
* * * LOW HITPOINT WARNING * * *
You feel sick. The adder bites you.
* * * LOW HITPOINT WARNING * * *
You now have 5/45 hp.
You closely miss the adder.
The adder is almost dead.
The adder misses you.
You barely miss the adder.
The adder is almost dead.
* * * LOW HITPOINT WARNING * * *
You feel sick. The adder barely misses you.
You closely miss the adder. You claw the adder.
You kill the adder!
Trog accepts your kill.
Your Fighting skill increases to level 4!
Unknown command.
* * * LOW HITPOINT WARNING * * *
You feel sick.
Things that are here:
a scroll labeled ECWYXO ATIB; an adder corpse You take 1 damage, and have 4/45 hp.
Unknown command.
p - a scroll labeled ECWYXO ATIB You feel a strong urge to attack something.
* * * LOW HITPOINT WARNING * * *
You feel sick.
You take 1 damage, and have 3/45 hp.
You feel your anger nearly subside.
You are no longer berserk.
You pass out from exhaustion.
You feel yourself slow down.
* * * LOW HITPOINT WARNING * * *
You feel sick.
You die...

█...██.████
███÷██.█
█..$.$
█......█
█.....
█.█.████
█..... █....█
█..... ███..█
█..... ██..█
█.....███...█
█.......@...█
█.....†████.█
█......█ .█
█......█ ██
███.████ █. █


There were no monsters in sight!

Vanquished Creatures
  2 adders (D:2)
  A worm (D:2)
  3 hobgoblins (D:1)
  5 jackals (D:1)
  A ball python (D:2)
  4 bats
  2 frilled lizards (D:1)
  2 goblins (D:2)
  4 kobolds (D:1)
  3 rats (D:1)
27 creatures vanquished.

Notes
Turn   | Place    | Note
-------+----------+-------------------------------------------
     0 | D:1      | Goblin1989 the Demonspawn Berserker began the quest for the
                  | Orb.
     0 | D:1      | Reached XP level 1. HP: 18/18 MP: 1/1
   595 | D:1      | Gained mutation: You have sharp toenails. [demonic
                  | ancestry]
   595 | D:1      | Reached XP level 2. HP: 22/24 MP: 2/2
  1319 | D:2      | Gained mutation: You sometimes gain a little power by
                  | taking damage. [demonic ancestry]
  1319 | D:2      | Reached XP level 3. HP: 15/30 MP: 3/3
  1322 | D:2      | Reached ** piety under Trog
  1722 | D:2      | Reached skill level 4 in Fighting
  1727 | D:2      | HP: 1/30 [poisoned by an adder]
  1729 | D:2      | Succumbed to an adder's poison

Skill      XL: |  1  2  3 |
---------------+----------+-----
Unarmed Combat | 3 |  3.2
Fighting       | 4 |  4.0
Armour         | |  1.7
Dodging        | |  1.7

Action                   || total
-------------------------++-------
Melee: Unarmed           ||    91
       Kick              ||     7
       Punch             ||     1
Invok: Berserk           ||     5
  Eat: Chunk             ||     4
       Ration            ||     1
Armor: Animal skin       ||    21
Dodge: Dodged            ||    62

Levels and vault maps discovered:
D:1:      dpeg_arrival_boxes_within_box, layout_basic, minmay_vboxes
D:2:      layout_basic, nicolae_gozag_cash_rules_everything_around_me,
          grunt_ministairs_10
